 Dungeon Crawl Stone Soup version 0.30.1-3-gfc49f6343a (webtiles) character file.

Game seed: 3387134950223386990

147 KyoPewz the Cudgeller (level 5, 0/112 HPs)
             Began as an Ogre Gladiator on July 31, 2023.
             Succumbed to an orc wizard's poison
             ... on level 5 of the Dungeon.
             The game lasted 00:07:54 (1918 turns).

KyoPewz the Cudgeller (Ogre Gladiator)              Turns: 1918, Time: 00:07:54

Health: 0/112      AC: 22    Str: 20    XL:     5   Next: 29%
Magic:  5/5        EV:  1    Int:  9    God:
Gold:   113        SH:  0    Dex: 10    Spells: 4/4 levels left

rFire   . . .        v - +0 whip (elec)
rCold   . . .        (no shield)
rNeg    . . .        b - melded +0 robe
rPois   +            c - melded +0 hat
rElec   .            (cloak currently unavailable)
rCorr   .            (gloves unavailable)
SInv    .            (boots unavailable)
Will    .....        p - amulet of the acrobat Stlth
                     (no ring)
HPRegen 0.38/turn    (no ring)
MPRegen 0.09/turn

%: acrobat
@: confused, mighty, berserking, lethally poisoned (0 -> -8), tree-form, very
quick
A: stationary, stasis, torment immunity, boosted hp, large, unfitting armour,
(tough skin 1)
a: no special abilities


You were on level 5 of the Dungeon.
You were a tree.
You visited 1 branch of the dungeon, and saw 5 of its levels.

You collected 113 gold pieces.

Inventory:

Hand Weapons
 a - a +0 flail
 v - a +0 whip of electrocution (weapon)
Missiles
 e - 3 large rocks
 f - 16 stones
 g - 3 throwing nets (quivered)
 j - 4 boomerangs
 q - 5 atropa-tipped darts
Armour
 b - a +0 robe (melded)
 c - a +0 hat (melded)
Jewellery
 h - an amulet of faith
 p - an amulet of the acrobat (around neck)
Wands
 r - a wand of paralysis (9)
Scrolls
 i - a scroll of amnesia {unknown}
 k - 4 scrolls of identify {unknown}
 m - a scroll of enchant weapon {unknown}
 n - a scroll of fear {unknown}
 s - a scroll of magic mapping {unknown}
Potions
 d - 2 potions of might
 l - a potion of resistance {unknown}
 o - a potion of brilliance {unknown}


   Skills:
 - Level 2.6 Fighting
 * Level 4.6 Maces & Flails
 + Level 3.4 Throwing
 - Level 2.6 Dodging


You had 4 spell levels left.
You didn't know any spells.
Your spell library contained the following spells:

 Spells                   Type           Power      Damage    Failure   Level
 Necrotise                Necr           0%         1d4       38%         1
 Sublimation of Blood     Necr           0%         N/A       52%         2
 Wereblood                Tmut           0%         N/A       52%         2
 Call Canine Familiar     Summ           0%         N/A       77%         3
 Portal Projectile        Hex/Tloc       0%         N/A       77%         3
 Vampiric Draining        Necr           0%         2d6       77%         3
 Leda's Liquefaction      Hex/Erth       0%         N/A       99%         4
 Agony                    Necr           0%         N/A       100%        5
 Summon Hydra             Summ           0%         N/A       100%        7


Dungeon Overview and Level Annotations

Branches:
Dungeon (6/15)
 Temple: D:4-7

Altars:
Qazlal

Shops:
D:1 =


Innate Abilities, Weirdness & Mutations

You are a tree.
Your roots penetrate the ground, keeping you stationary.
You cannot be teleported.
You are immune to unholy pain and torment.
Your maximum health is greatly increased.
Your equipment is partially melded.
You are too large for most types of armour.
((You have tough skin. (AC +1)))


Message History

* * * LOW HITPOINT WARNING * * *
You feel extremely sick. Something completely misses you.
You take 7 damage, and have 10/50 hp.
It was a potion of lignification.
You turn into a tree.
Your +0 hat melds into your body.
Your +0 robe melds into your body.
Your roots penetrate the ground.
* * * LOW HITPOINT WARNING * * *
You feel very sick.
You hear some strange, mumbled words.
You are confused.
You now have 10/75 hp.
It was a potion of flight.
Your roots keep you in place.
* * * LOW HITPOINT WARNING * * *
You feel very sick. Something hits you but does no damage.
You take 4 damage, and have 6/75 hp.
It was a potion of berserk rage.
A red film seems to cover your vision as you go berserk!
You feel yourself moving faster!
You feel mighty!
* * * LOW HITPOINT WARNING * * *
You feel very sick. Something hits you but does no damage.
You now have 6/112 hp.
You are too berserk!
You cannot move. (Use ctrl+direction or * direction to attack while stationary and confused.)
You miss something.
* * * LOW HITPOINT WARNING * * *
You feel sick.
You take 2 damage, and have 4/112 hp.
You attack the rock wall.
* * * LOW HITPOINT WARNING * * *
You feel sick. Something hits you but does no damage.
You take 2 damage, and have 2/112 hp.
You completely miss something.
* * * LOW HITPOINT WARNING * * *
You feel sick. Something hits you but does no damage.
You take 1 damage, and have 1/112 hp.
You nearly hit yourself!
You die...

##.## # ##...## #{
.....###.# ......#.#
......####.
#.....#....
##........# ##{.....#
##♣###...# #.## #...#
#.# ##..####... ####
#...##....... #.#
#............
####.####...........#
#.###................
##.............#.....
##............###...


There were no monsters in sight!

Vanquished Creatures
  A hound (D:5)
  4 gnolls (D:5)
  2 adders (D:2)
  2 dart slugs
  5 orcs (D:5)
  4 endoplasms
  A giant cockroach (D:1)
  A hobgoblin (D:1)
  8 jackals
  3 quokkas
  4 ball pythons
  4 bats
  5 frilled lizards
  3 goblins
  4 kobolds
  5 rats
56 creatures vanquished.

Notes
Turn   | Place    | Note
-------+----------+-------------------------------------------
     0 | D:1      | KyoPewz the Ogre Gladiator began the quest for the Orb.
     0 | D:1      | Reached XP level 1. HP: 22/22 MP: 1/1
   164 | D:1      | Found Atainwi's Jewellery Shoppe.
   175 | D:1      | Reached skill level 3 in Maces & Flails
   193 | D:1      | Reached XP level 2. HP: 29/29 MP: 2/2
   227 | D:1      | Found a faded altar of an unknown god.
   443 | D:1      | Reached XP level 3. HP: 36/36 MP: 3/3
  1151 | D:2      | Found a stormy altar of Qazlal.
  1199 | D:2      | Reached XP level 4. HP: 44/44 MP: 4/4
  1352 | D:3      | You fall into a shaft and drop 3 floors!
  1363 | D:5      | Entered Level 5 of the Dungeon
  1385 | D:5      | Noticed a black bear
  1405 | D:6      | Noticed a phantom
  1557 | D:5      | Reached skill level 4 in Maces & Flails
  1701 | D:5      | Reached XP level 5. HP: 47/50 MP: 5/5
  1915 | D:5      | HP: 4/112 [poisoned by an orc wizard]
  1917 | D:5      | HP: 1/112 [poisoned by an orc wizard]
  1918 | D:5      | Succumbed to an orc wizard's poison

Illustrated notes

Levels and vault maps discovered:
D:1:      onia_arrival_mini_maze, layout_rooms,
          hellmonk_ecumenical_altar_arch_garden, serial_shops, shop
D:2:      layout_rooms, basic_altar, serial_curves, eino_curves_03,
          eino_curves_02
D:3:      layout_rooms, mainiacjoe_overflow_surrounded_room,
          nicolae_overflow_ecumenical_swirl, nicolae_ru_awakened_eye,
          uniq_jessica
D:5:      layout_layer_cave, gammafunk_ghost_gnarly_gnolls
D:6:      layout_basic, minmay_temple_entry_waves

Skill      XL: |  1  2  3  4 |
---------------+-------------+-----
Maces & Flails | 3 4 |  4.6
Throwing       | 3 |  3.4
Fighting       | |  2.6
Dodging        | |  2.6

Action                     |  1- 3 |  4- 6 || total
---------------------------+-------+-------++-------
  Melee: Flail             |   142 |    27 ||   169
         Whip              |       |    42 ||    42
         Punch             |       |     1 ||     1
  Throw: Large rock        |       |     1 ||     1
    Use: Potion            |       |     4 ||     4
   Stab: Sleeping          |     1 |       ||     1
 Armour: Robe              |    54 |    10 ||    64
         Skin              |       |     4 ||     4
  Dodge: Dodged            |    99 |    46 ||   145
